 Seeded DCSS version 0.29-a0-887-gcbe080d7e0 (webtiles) character file.

Game seed: 570102490474017323 (custom seed)

26 wilfster70 the Caller (level 3, -8/19 HPs)
             Began as a Tengu Summoner on July 21, 2022.
             Mangled by Crazy Yiuf
             ... wielding a +3 quarterstaff of chaos
              (12 damage)
             ... on level 2 of the Dungeon.
             The game lasted 00:04:01 (1429 turns).

wilfster70 the Caller (Tengu Summoner)              Turns: 1429, Time: 00:04:02

Health: -8/19      AC:  2    Str:  8    XL:     3   Next: 8%
Magic:  1/7        EV: 12    Int: 17    God:
Gold:   68         SH:  0    Dex: 14    Spells: 3/6 levels left

rFire   . . .      SeeInvis .   a - +0 dagger
rCold   . . .      Faith    .   (no shield)
rNeg    . . .      Spirit   .   g - +0 robe
rPois   .          Reflect  .   (helmet restricted)
rElec   .          Harm     .   (no cloak)
rCorr   .          Rampage  .   (no gloves)
Will    .....                   (boots unavailable)
Stlth   ++........              (no amulet)
HPRegen 0.06/turn               (no ring)
MPRegen 0.10/turn               (no ring)

@: no status effects
A: beak, talons 3
a: no special abilities


You were on level 2 of the Dungeon.
You visited 1 branch of the dungeon, and saw 2 of its levels.

You collected 68 gold pieces.

Inventory:

Hand Weapons
 a - a +0 dagger (weapon)
Armour
 g - a +0 robe (worn)
Scrolls
 d - a scroll of amnesia {unknown}
 f - a scroll of teleportation {unknown}
Potions
 b - a potion of magic
 c - a potion of lignification {unknown}
 e - a potion of mutation {unknown}


   Skills:
 - Level 2.1 Dodging
 - Level 2.0 Stealth
 + Level 2.4 Spellcasting
 * Level 5.6 Summonings


You had 3 spell levels left.
You knew the following spells:

 Your Spells              Type           Power      Damage    Failure   Level
a - Summon Small Mammal   Summ           84%        N/A       1%          1
b - Call Imp              Summ           21%        N/A       2%          2

Your spell library contained the following spells:

 Spells                   Type           Power      Damage    Failure   Level
 Call Canine Familiar     Summ           21%        N/A       5%          3
 Summon Guardian Golem    Hex/Summ       11%        N/A       17%         3
 Apportation              Tloc           4%         N/A       19%         1
 Necrotise                Necr           8%         1d4       19%         1
 Ensorcelled Hibernation  Hex/Ice        4%         N/A       28%         2
 Passwall                 Tmut/Erth      1%         N/A       28%         2
 Swiftness                Air            2%         N/A       50%         3
 Summon Lightning Spire   Summ/Air       11%        N/A       50%         4


Dungeon Overview and Level Annotations

Branches:
Dungeon (2/15)

Altars:

Annotations:
D:2 Crazy Yiuf


Innate Abilities, Weirdness & Mutations

You have a beak for a mouth.
You have claws for feet.


Message History

Casting: Call Imp (safe; 2% risk of failure)
Confirm with . or Enter, or press ? or * to list all spells.
A beastly little devil appears in a puff of frigid air.
Crazy Yiuf hits your white imp with a +3 quarterstaff of chaos!
Crazy Yiuf burns your white imp.
Your white imp dies!
Your white imp disappears in a puff of smoke!
Casting: Call Imp (safe; 2% risk of failure)
Confirm with . or Enter, or press ? or * to list all spells.
A beastly little devil appears in a puff of flame.
Crazy Yiuf says, "Nubble!"
Crazy Yiuf closely misses your crimson imp.
Your crimson imp barely misses Crazy Yiuf.
Crazy Yiuf hits your crimson imp with a +3 quarterstaff of chaos.
Your crimson imp closely misses Crazy Yiuf.
Crazy Yiuf says, "Lugonu!"
Crazy Yiuf misses your crimson imp. Something hits your crimson imp!
Your crimson imp is moving more slowly.
You see here a +0 hammer.
Your crimson imp blinks!
Casting: Call Imp (safe; 2% risk of failure)
Confirm with . or Enter, or press ? or * to list all spells.
A beastly little devil appears in a puff of flame.
Your crimson imp says, "Let's spread havoc!"
Your crimson imp disappears in a puff of smoke!
Crazy Yiuf says, "Tonal!"
Crazy Yiuf hits your crimson imp with a +3 quarterstaff of chaos!
Lightning courses through your crimson imp!
Your crimson imp dies!
Your crimson imp disappears in a puff of smoke!
Crazy Yiuf attacks as you move away! Crazy Yiuf misses you.
Crazy Yiuf hits you with a +3 quarterstaff of chaos!
Ouch! That really hurt!
Crazy Yiuf freezes you.
* * * LOW HITPOINT WARNING * * *
Crazy Yiuf attacks as you move away!
Crazy Yiuf hits you with a +3 quarterstaff of chaos!
Ouch! That really hurt!
You die...

♣g♣♣ #.#
♣♣5♣ #.#
♣.♣♣ #.#
♣♣.♣ #.#
♣♣.♣♣ #.#
♣♣...♣ #.#
♣....♣ #.#
#..))# #.#
#...)###@#
#......g.#
##...#####
#####


You could see Crazy Yiuf.

Vanquished Creatures
  A giant cockroach (D:1)
  3 hobgoblins
  A quokka (D:1)
  A ball python (D:1)
  5 rats (D:1)
11 creatures vanquished.

Vanquished Creatures (collateral kills)
  A dart slug (D:1)
  3 ball pythons (D:1)
  2 endoplasms (D:1)
  A goblin (D:1)
  A hobgoblin (D:1)
  A quokka (D:1)
  A frilled lizard (D:1)
  A kobold (D:1)
  A rat (D:1)
12 creatures vanquished.

Grand Total: 23 creatures vanquished

Notes
Turn   | Place    | Note
-------+----------+-------------------------------------------
     0 | D:1      | wilfster70 the Tengu Summoner began the quest for the Orb.
     0 | D:1      | Reached XP level 1. HP: 10/10 MP: 4/4
   107 | D:1      | Reached skill level 5 in Summonings
   362 | D:1      | Reached XP level 2. HP: 15/15 MP: 6/6
   365 | D:1      | Learned a level 2 spell: Call Imp
   950 | D:1      | Reached XP level 3. HP: 19/19 MP: 7/7
  1399 | D:2      | Found a runed translucent door.
  1400 | D:2      | Noticed Crazy Yiuf
  1429 | D:2      | Mangled by Crazy Yiuf

Illustrated notes

Levels and vault maps discovered:
D:1:      roderic_octagonal_star, layout_loops_ring, minmay_misc_feat_plants
D:2:      minmay_inner_zag, layout_basic,
          shapermc_ecumenical_altar_mp_ritualfount, uniq_crazy_yiuf_cottage,
          uniq_jessica, uniq_natasha

Skill      XL: |  1 |
---------------+----+-----
Summonings     | 5 |  5.6
Dodging        | |  2.1
Stealth        | |  2.0
Spellcasting   | |  2.4

Action                   || total
-------------------------++-------
Melee: Unarmed           ||    35
       Kick              ||     7
       Peck              ||     8
       Dagger            ||     1
 Cast: Summon Small Mamm ||     9
       Call Imp          ||     9
 Stab: Sleeping          ||     2
Armor: Robe              ||     9
Dodge: Dodged            ||    24

Table legend: (Time is in decaauts)
 A = Elapsed time spent in this place.
 B = Non-inter-level travel time spent in this place.
 C = Inter-level travel time spent in this place.
 D = Time resting spent in this place.
 E = Time spent auto-exploring this place.
 F = Levels seen in this place.
 G = Mean time per level.
                   A        B        C        D        E       F      G
               +--------+--------+--------+--------+--------+-----+--------+
         Total |   1428 |   1409 |     19 |    617 |    381 |   2 |  714.0 |
       Dungeon |   1428 |   1409 |     19 |    617 |    381 |   2 |  714.0 |
               +--------+--------+--------+--------+--------+-----+--------+

Top non-repeatable levels by time:
     D:1: 1338 daAuts
     D:2: 89 daAuts
